[ PARTIDA AOE2 · #477337670 ]
1v1 RMItalianos vs Lithuanians
Equipo del jugador · DERR
Equipo rival · VICT
[ ANÁLISIS DE REPETICIÓN · EXTRAÍDO DE LA PARTIDA GRABADA ]
Feudal
9:17
Castillos
22:54
Imperial
38:32
| APM promedio | 52.3 |
| APM pico | 95 |
| eAPM promedio | 24.7 |
| Aldeanos / militares | 134 / 73 |
Foco
⚔️ 27.9% · 🌾 72.1%
Unknown (882) ×61 · Archer ×39 · Genoese Crossbowman ×15 · Spearman ×13 · Militia ×2 · Trebuchet (Packed) ×2
Feudal
9:20
Castillos
20:27
Imperial
36:59
| APM promedio | 38.9 |
| APM pico | 86 |
| eAPM promedio | 15.2 |
| Aldeanos / militares | 131 / 184 |
Foco
⚔️ 29.7% · 🌾 70.3%
Skirmisher ×89 · Knight ×86 · Scout Cavalry ×4 · Trebuchet (Packed) ×3 · Monk ×2
Mapa de la partida
Recursos al inicio + cada clic de construcción. Línea gruesa = muro · recuadro discontinuo = muro de casas detectado. 🟡 oro · ⚪ piedra · 🟢 bayas · 🔶 jabalí · ⭕ reliquia
Inputs por minuto
— BLipax - - Psuts
Build order — BLipax
Primeras 150 de 402 acciones detectadas
| 0:00 | Crear | Villager (Male) |
| 0:00 | Crear | Villager (Male) |
| 0:03 | Construir | House |
| 0:04 | Construir | House |
| 0:19 | Crear | Villager (Male) |
| 0:19 | Crear | Villager (Male) |
| 1:24 | Crear | Villager (Male) |
| 1:43 | Construir | Lumber Camp |
| 2:15 | Crear | Villager (Male) |
| 2:33 | Crear | Villager (Male) |
| 2:45 | Crear | Villager (Male) |
| 3:08 | Crear | Villager (Male) |
| 3:34 | Construir | House |
| 3:42 | Crear | Villager (Male) |
| 4:18 | Construir | Mill |
| 4:22 | Crear | Villager (Male) |
| 4:38 | Crear | Villager (Male) |
| 5:18 | Crear | Villager (Male) |
| 5:39 | Crear | Villager (Male) |
| 5:41 | Crear | Villager (Male) |
| 5:42 | Investigar | Loom |
| 7:07 | Investigar | Feudal Age |
| 7:22 | Construir | Barracks |
| 7:27 | Construir | House |
| 8:20 | Crear | Militia |
| 8:20 | Crear | Militia |
| 8:44 | Construir | Mining Camp |
| 9:17 | Edad | Edad Feudal |
| 9:20 | Crear | Villager (Male) |
| 9:21 | Investigar | Double-Bit Axe |
| 9:40 | Construir | Archery Range |
| 9:46 | Crear | Villager (Male) |
| 9:58 | Investigar | Man-at-Arms (upgrade) |
| 10:03 | Crear | Villager (Male) |
| 10:10 | Investigar | Horse Collar |
| 10:21 | Crear | Villager (Male) |
| 10:30 | Construir | House |
| 10:31 | Construir | Palisade Wall |
| 11:05 | Crear | Villager (Male) |
| 11:18 | Construir | House |
| 11:19 | Construir | House |
| 11:20 | Construir | House |
| 11:24 | Crear | Archer |
| 11:27 | Construir | House |
| 11:28 | Construir | Palisade Wall |
| 11:42 | Crear | Archer |
| 11:43 | Crear | Villager (Male) |
| 11:50 | Construir | Farm |
| 11:56 | Construir | Farm |
| 12:01 | Crear | Archer |
| 12:04 | Crear | Villager (Male) |
| 12:20 | Construir | Palisade Wall |
| 12:23 | Crear | Villager (Male) |
| 12:25 | Construir | Farm |
| 12:28 | Crear | Archer |
| 12:39 | Crear | Spearman |
| 12:44 | Construir | House |
| 12:45 | Construir | Palisade Wall |
| 12:47 | Construir | House |
| 13:03 | Construir | Palisade Wall |
| 13:08 | Construir | Palisade Wall |
| 13:09 | Construir | Palisade Wall |
| 13:11 | Construir | Palisade Wall |
| 13:14 | Construir | Palisade Wall |
| 13:21 | Crear | Villager (Male) |
| 13:45 | Crear | Villager (Male) |
| 13:46 | Crear | Archer |
| 13:47 | Crear | Villager (Male) |
| 13:52 | Construir | Farm |
| 13:55 | Construir | Farm |
| 13:57 | Construir | Farm |
| 14:16 | Crear | Spearman |
| 14:19 | Construir | Farm |
| 14:20 | Construir | Farm |
| 14:25 | Crear | Spearman |
| 14:28 | Crear | Archer |
| 14:45 | Construir | Farm |
| 14:48 | Crear | Villager (Male) |
| 14:50 | Construir | Farm |
| 15:07 | Crear | Archer |
| 15:14 | Construir | Farm |
| 15:31 | Crear | Archer |
| 15:32 | Crear | Villager (Male) |
| 15:39 | Construir | Farm |
| 16:07 | Construir | House |
| 16:10 | Construir | Palisade Wall |
| 16:11 | Construir | Palisade Wall |
| 16:13 | Crear | Villager (Male) |
| 16:15 | Crear | Archer |
| 16:20 | Construir | Farm |
| 16:22 | Construir | Farm |
| 16:28 | Construir | Farm |
| 16:29 | Crear | Villager (Male) |
| 16:50 | Crear | Archer |
| 17:01 | Construir | House |
| 17:04 | Construir | Palisade Wall |
| 17:06 | Crear | Villager (Male) |
| 17:08 | Crear | Archer |
| 17:13 | Construir | Farm |
| 17:28 | Construir | Palisade Wall |
| 17:29 | Construir | Palisade Wall |
| 17:33 | Crear | Villager (Male) |
| 17:35 | Crear | Archer |
| 17:43 | Crear | Villager (Male) |
| 17:55 | Construir | Blacksmith |
| 18:23 | Crear | Villager (Male) |
| 18:28 | Crear | Archer |
| 18:38 | Investigar | Fletching |
| 18:38 | Investigar | Fletching |
| 18:50 | Crear | Villager (Male) |
| 19:00 | Crear | Archer |
| 19:23 | Crear | Villager (Male) |
| 20:14 | Investigar | Castle Age |
| 20:15 | Investigar | Gold Mining |
| 20:43 | Crear | Archer |
| 20:47 | Construir | Archery Range |
| 21:10 | Construir | Lumber Camp |
| 21:29 | Crear | Archer |
| 21:32 | Investigar | Stone Mining |
| 21:33 | Crear | Villager (Male) |
| 21:37 | Construir | House |
| 21:55 | Construir | House |
| 22:04 | Investigar | Padded Archer Armor |
| 22:14 | Crear | Archer |
| 22:14 | Crear | Archer |
| 22:28 | Crear | Villager (Male) |
| 22:54 | Edad | Edad de los Castillos |
| 22:54 | Investigar | Crossbowman (upgrade) |
| 22:54 | Investigar | Crossbowman (upgrade) |
| 22:57 | Investigar | Bodkin Arrow |
| 23:01 | Construir | University |
| 23:15 | Crear | Archer |
| 23:36 | Crear | Villager (Male) |
| 23:39 | Crear | Villager (Male) |
| 23:40 | Investigar | Bow Saw |
| 23:46 | Crear | Archer |
| 23:46 | Crear | Archer |
| 24:07 | Crear | Villager (Male) |
| 24:09 | Investigar | Ballistics |
| 24:11 | Construir | House |
| 24:19 | Crear | Villager (Male) |
| 24:20 | Crear | Villager (Male) |
| 24:25 | Crear | Archer |
| 24:35 | Crear | Archer |
| 24:46 | Crear | Villager (Male) |
| 24:47 | Crear | Villager (Male) |
| 24:51 | Construir | House |
| 25:27 | Crear | Archer |
| 25:27 | Crear | Archer |
| 25:28 | Crear | Villager (Male) |
Build order — Psuts
Primeras 150 de 315 acciones detectadas
| 0:01 | Crear | Villager (Male) |
| 0:01 | Crear | Villager (Male) |
| 0:02 | Crear | Villager (Male) |
| 0:03 | Construir | House |
| 0:05 | Construir | House |
| 0:47 | Crear | Villager (Male) |
| 0:48 | Crear | Villager (Male) |
| 1:02 | Crear | Villager (Male) |
| 1:03 | Crear | Villager (Male) |
| 1:46 | Crear | Villager (Male) |
| 1:46 | Crear | Villager (Male) |
| 1:49 | Construir | Lumber Camp |
| 2:04 | Crear | Villager (Male) |
| 2:04 | Crear | Villager (Male) |
| 2:25 | Crear | Villager (Male) |
| 2:26 | Crear | Villager (Male) |
| 2:52 | Crear | Villager (Male) |
| 2:52 | Crear | Villager (Male) |
| 3:02 | Crear | Villager (Male) |
| 3:03 | Crear | Villager (Male) |
| 3:40 | Crear | Villager (Male) |
| 3:40 | Crear | Villager (Male) |
| 3:53 | Construir | House |
| 3:55 | Construir | House |
| 4:08 | Construir | House |
| 4:36 | Crear | Villager (Male) |
| 4:37 | Crear | Villager (Male) |
| 4:45 | Construir | Palisade Wall |
| 5:30 | Crear | Villager (Male) |
| 5:30 | Crear | Villager (Male) |
| 5:30 | Crear | Villager (Male) |
| 5:38 | Construir | Mill |
| 6:23 | Investigar | Loom |
| 6:48 | Investigar | Feudal Age |
| 7:34 | Construir | Barracks |
| 7:55 | Construir | House |
| 7:56 | Construir | House |
| 8:14 | Crear | Villager (Male) |
| 8:15 | Crear | Villager (Male) |
| 9:13 | Construir | House |
| 9:20 | Edad | Edad Feudal |
| 9:21 | Construir | Stable |
| 9:37 | Investigar | Double-Bit Axe |
| 9:41 | Crear | Villager (Male) |
| 9:59 | Investigar | Horse Collar |
| 9:59 | Investigar | Horse Collar |
| 10:02 | Crear | Scout Cavalry |
| 10:02 | Crear | Scout Cavalry |
| 10:02 | Crear | Scout Cavalry |
| 10:03 | Crear | Scout Cavalry |
| 10:13 | Crear | Villager (Male) |
| 10:22 | Construir | Farm |
| 10:30 | Construir | Farm |
| 10:45 | Construir | Farm |
| 10:50 | Construir | Farm |
| 10:51 | Crear | Villager (Male) |
| 11:11 | Construir | Palisade Gate |
| 11:14 | Construir | Palisade Gate |
| 11:20 | Construir | Palisade Gate |
| 11:33 | Crear | Villager (Male) |
| 11:34 | Crear | Villager (Male) |
| 11:39 | Construir | Farm |
| 11:41 | Construir | Farm |
| 11:49 | Construir | Farm |
| 11:57 | Construir | Farm |
| 12:13 | Construir | Farm |
| 12:15 | Crear | Villager (Male) |
| 12:22 | Construir | Farm |
| 12:53 | Crear | Villager (Male) |
| 12:53 | Crear | Villager (Male) |
| 13:19 | Crear | Villager (Male) |
| 13:22 | Construir | Farm |
| 13:25 | Construir | Farm |
| 13:50 | Crear | Villager (Male) |
| 13:52 | Construir | Farm |
| 13:56 | Construir | Farm |
| 14:24 | Construir | Farm |
| 14:24 | Crear | Villager (Male) |
| 14:47 | Crear | Villager (Male) |
| 14:50 | Construir | Mining Camp |
| 15:10 | Crear | Villager (Male) |
| 15:14 | Construir | Farm |
| 15:23 | Construir | House |
| 15:26 | Crear | Villager (Male) |
| 15:43 | Construir | Blacksmith |
| 15:54 | Construir | Farm |
| 15:54 | Construir | Farm |
| 15:54 | Construir | Farm |
| 15:55 | Construir | Farm |
| 16:06 | Crear | Villager (Male) |
| 16:10 | Construir | House |
| 16:29 | Crear | Villager (Male) |
| 16:32 | Investigar | Gold Mining |
| 16:54 | Construir | House |
| 17:01 | Crear | Villager (Male) |
| 17:28 | Construir | Palisade Wall |
| 17:30 | Construir | Palisade Wall |
| 17:32 | Construir | Palisade Wall |
| 17:36 | Construir | Palisade Gate |
| 17:38 | Construir | House |
| 17:47 | Investigar | Castle Age |
| 17:47 | Investigar | Castle Age |
| 17:54 | Construir | Palisade Wall |
| 18:03 | Investigar | Forging |
| 18:06 | Investigar | Scale Barding Armor |
| 18:13 | Investigar | Bloodlines |
| 19:08 | Construir | Archery Range |
| 19:11 | Investigar | Fletching |
| 19:25 | Construir | Lumber Camp |
| 19:49 | Construir | Stone Wall |
| 20:27 | Edad | Edad de los Castillos |
| 20:32 | Crear | Knight |
| 20:32 | Crear | Knight |
| 20:32 | Crear | Knight |
| 20:35 | Investigar | Chain Barding Armor |
| 20:44 | Construir | Farm |
| 21:26 | Crear | Villager (Male) |
| 21:26 | Crear | Villager (Male) |
| 21:26 | Crear | Villager (Male) |
| 21:31 | Crear | Skirmisher |
| 21:31 | Crear | Skirmisher |
| 21:31 | Crear | Skirmisher |
| 21:50 | Construir | Monastery |
| 21:58 | Investigar | Bow Saw |
| 22:01 | Investigar | Heavy Plow |
| 22:03 | Crear | Villager (Male) |
| 22:03 | Crear | Villager (Male) |
| 22:07 | Crear | Knight |
| 22:08 | Crear | Knight |
| 22:08 | Crear | Knight |
| 22:08 | Crear | Knight |
| 22:25 | Crear | Skirmisher |
| 22:26 | Crear | Skirmisher |
| 22:56 | Crear | Monk |
| 22:56 | Crear | Monk |
| 22:59 | Crear | Villager (Male) |
| 23:12 | Investigar | Elite Skirmisher (upgrade) |
| 23:54 | Crear | Skirmisher |
| 23:55 | Investigar | Bodkin Arrow |
| 23:58 | Investigar | Padded Archer Armor |
| 24:00 | Crear | Knight |
| 24:01 | Crear | Knight |
| 24:02 | Crear | Villager (Male) |
| 24:03 | Crear | Villager (Male) |
| 24:03 | Crear | Villager (Male) |
| 24:06 | Construir | House |
| 24:07 | Construir | House |
| 24:08 | Construir | House |
| 24:25 | Crear | Knight |
| 24:47 | Crear | Skirmisher |
Cronología de la partida
| 4:45 | Psuts · wall_segment Palisade Wall x7 |
| 7:22 | BLipax · first_building Barracks |
| 7:34 | Psuts · first_building Barracks |
| 9:17 | BLipax · age_up feudal |
| 9:20 | Psuts · age_up feudal |
| 9:21 | Psuts · first_building Stable |
| 9:40 | BLipax · first_building Archery Range |
| 10:31 | BLipax · wall_segment Palisade Wall x1 |
| 11:28 | BLipax · wall_segment Palisade Wall x8 |
| 12:20 | BLipax · wall_segment Palisade Wall x12 |
| 12:45 | BLipax · wall_segment Palisade Wall x1 |
| 13:03 | BLipax · wall_segment Palisade Wall x1 |
| 13:08 | BLipax · wall_segment Palisade Wall x1 |
| 13:09 | BLipax · wall_segment Palisade Wall x1 |
| 13:11 | BLipax · wall_segment Palisade Wall x1 |
| 13:14 | BLipax · wall_segment Palisade Wall x1 |
| 16:10 | BLipax · wall_segment Palisade Wall x6 |
| 16:11 | BLipax · wall_segment Palisade Wall x1 |
| 17:04 | BLipax · wall_segment Palisade Wall x1 |
| 17:28 | Psuts · wall_segment Palisade Wall x1 |
| 17:28 | BLipax · wall_segment Palisade Wall x9 |
| 17:29 | BLipax · wall_segment Palisade Wall x1 |
| 17:30 | Psuts · wall_segment Palisade Wall x1 |
| 17:32 | Psuts · wall_segment Palisade Wall x1 |
| 17:54 | Psuts · wall_segment Palisade Wall x2 |
| 19:08 | Psuts · first_building Archery Range |
| 19:49 | Psuts · wall_segment Stone Wall x9 |
| 20:27 | Psuts · age_up castle |
| 21:50 | Psuts · first_building Monastery |
| 22:54 | BLipax · age_up castle |
| 25:52 | BLipax · first_building Monastery |
| 31:36 | Psuts · first_market_buy 100 stone |
| 32:06 | BLipax · first_building Castle |
| 32:17 | Psuts · first_market_sell 500 wood |
| 36:23 | Psuts · first_building Castle |
| 36:59 | Psuts · age_up imperial |
| 38:32 | BLipax · age_up imperial |
| 48:48 | BLipax · first_building Siege Workshop |
| 50:00 | BLipax · resign |
[ ANÁLISIS IA · 1 CRÉDITO ]
¿Qué pasó realmente en esta partida?
Wolo.gg analiza cada decisión: build order, eco, micro, errores típicos por bracket. Análisis personalizado por WhatsApp o Discord en 30 segundos.
Guía civ
Italianos
Guía mapa
Arabia
Perfil
BLipax